 Dungeon Crawl Stone Soup version 0.18-a0-1561-g7b1e397 (webtiles) character file.

756 Eucla the Chopper (level 7, 0/62 HPs)
             Began as a Minotaur Gladiator on Mar 13, 2016.
             Succumbed to an adder's poison
             ... on level 5 of the Dungeon.
             The game lasted 00:04:04 (3162 turns).

Eucla the Chopper (Minotaur Gladiator)              Turns: 3162, Time: 00:04:04

Health: 0/62       AC:  6    Str: 21 (24) XL:     7   Next: 50%
Magic:  6/6        EV: 13    Int:  4 (5)  God:
Gold:   318        SH:  0    Dex: 11 (12) Spells: 0 memorised, 6 levels left

rFire  . . .     SeeInvis .     a - +0 war axe
rCold  + . .     Gourm    .     n - +0 ring mail
rNeg   . . .     Faith    .     (no shield)
rPois  .         Spirit   .     c - +0 hat
rElec  .         Dismiss  .     (no cloak)
rCorr  .         Reflect  .     (no gloves)
SustAt .         Harm     .     (no boots)
MR     .....                    (no amulet)
Stlth  +.........               k - +4 ring of strength
                                h - ring of protection from cold

@: lethally poisoned (0 -> -3), flying (expiring), not resistant to hostile
enchantments, very unstealthy
A: retaliatory headbutt, horns 2
a: no special abilities


You were on level 5 of the Dungeon.
You were not hungry.

You visited 1 branch of the dungeon, and saw 5 of its levels.

You collected 318 gold pieces.

Inventory:

Hand Weapons
 a - a +0 war axe (weapon)
Missiles
 d - 3 throwing nets (quivered)
Armour
 b - a +0 leather armour
 c - a +0 hat (worn)
 n - a +0 ring mail (worn)
Jewellery
 e - an uncursed ring of see invisible
 g - a +2 ring of intelligence
 h - a ring of protection from cold (left hand)
 k - a +4 ring of strength (right hand)
 y - an uncursed ring of sustain attributes {unknown}
 A - an uncursed ring of resist corrosion {unknown}
Wands
 C - a wand of random effects (30/48)
 D - a wand of confusion (32/48)
Scrolls
 i - 4 scrolls of remove curse {unknown}
 j - 2 scrolls of magic mapping {unknown}
 m - 6 scrolls of identify {unknown}
 v - a scroll of fear {unknown}
 x - a scroll of fog {unknown}
Potions
 r - 2 potions of degeneration
Books
 u - a book of Necromancy

   Spells                             Type                      Level
   a - Pain                           Necromancy                   1
   b - Animate Skeleton               Necromancy                   1
   c - Vampiric Draining              Necromancy                   3
   d - Regeneration                   Charms/Necromancy            3
   e - Animate Dead                   Necromancy                   4
   f - Control Undead                 Necromancy                   4
Comestibles
 f - 5 bread rations
 w - a meat ration


   Skills:
 + Level 5.9 Fighting
 + Level 6.1 Axes
 - Level 2.0 Throwing
 + Level 4.4 Armour
 + Level 5.5 Dodging


You had 6 spell levels left.
You didn't know any spells.

Dungeon Overview and Level Annotations

Branches:
Dungeon (5/15)
 Temple: D:4-7

Altars:
Ashenzari
Elyvilon
Fedhas
Nemelex Xobeh
Yredelemnul


Innate Abilities, Weirdness & Mutations

You reflexively headbutt those who attack you in melee.
You have a pair of horns on your head.


Message History

Unknown command.
You slash the gnoll!
You kill the gnoll!
The adder barely misses you.
Unknown command.
You slash the adder!
The adder is almost dead.
The adder bites you.
* * * LOW HITPOINT WARNING * * *
Unknown command.
You barely miss the adder.
The adder is almost dead.
The adder bites you.
* * * LOW HITPOINT WARNING * * *
You are lethally poisoned!
The adder poisons you! The adder closely misses you. You furiously retaliate!
You headbutt the adder.
You kill the adder!
Unknown command.
You die...

#.8. ... #.# #.8
#... #.. . #.
#.##.##.. #.. .....
#..####.##########.#
#...<..5.)@.....(..#
#....##g#########..#
#.....).......#
#.....((.####.#
....#....5.#
#####.#....####.##
#.####........
#.....S####...
#####..#


You could see a gnoll and a shadow imp.

Vanquished Creatures
  A phantom (D:3)
  An ogre (D:4)
  A centaur (D:5)
  A giant frog (D:3)
  A howler monkey (D:5)
  A giant frog skeleton (D:5)
  A hound (D:5)
  An orc wizard (D:3)
  A gnoll shaman (D:5)
  2 iguanas (D:5)
  3 worker ants (D:4)
  2 gnolls (D:5)
  4 adders
  A shadow imp (D:5)
  An ooze (D:4)
  6 worms
  3 giant geckos
  7 orcs
  A ball python (D:4)
  7 bats
  4 giant cockroaches
  7 hobgoblins
  6 jackals
  2 quokkas
  4 giant newts
  5 goblins
  A jackal skeleton (D:4)
  8 kobolds
  9 rats
92 creatures vanquished.

Notes
Turn   | Place    | Note
--------------------------------------------------------------
     0 | D:1      | Eucla the Minotaur Gladiator began the quest for the Orb.
     0 | D:1      | Reached XP level 1. HP: 18/18 MP: 0/0
   136 | D:1      | Reached XP level 2. HP: 25/25 MP: 1/1
   594 | D:1      | Reached skill level 1 in Armour
   594 | D:1      | Reached XP level 3. HP: 17/31 MP: 2/2
   787 | D:2      | Found a shattered altar of Ashenzari.
   802 | D:2      | Reached skill level 4 in Axes
  1335 | D:2      | Reached XP level 4. HP: 38/40 MP: 3/3
  1624 | D:3      | Noticed a giant frog
  1630 | D:3      | Killed a giant frog
  1630 | D:3      | Reached XP level 5. HP: 33/46 MP: 4/4
  2050 | D:3      | Noticed a phantom
  2056 | D:3      | Killed a phantom
  2056 | D:3      | Reached skill level 5 in Axes
  2056 | D:3      | Reached XP level 6. HP: 51/55 MP: 5/5
  2340 | D:4      | Reached skill level 5 in Fighting
  2349 | D:4      | Found a sparkling altar of Nemelex Xobeh.
  2444 | D:4      | Found a white marble altar of Elyvilon.
  2499 | D:4      | Found a basalt altar of Yredelemnul.
  2556 | D:4      | Found a blossoming altar of Fedhas.
  3046 | D:5      | Entered Level 5 of the Dungeon
  3114 | D:5      | Reached skill level 5 in Dodging
  3114 | D:5      | Reached XP level 7. HP: 34/61 MP: 6/6
  3143 | D:5      | Reached skill level 6 in Axes
  3158 | D:5      | HP: 3/62 [gnoll (6)]
  3161 | D:5      | HP: 1/62 [adder (2)]
  3162 | D:5      | Succumbed to an adder's poison

Vault maps used:
D:1:      eino_arrival_water_cross
D:2:      nicolae_ashenzari_panopticon
D:4:      kennysheep_ying_yang, nemelex_deck, first_bread, fedhas_altar_3
D:5:      makhleb_altar_promises_db, minmay_temple_entry_statues_fountains

Skill      XL: |  1  2  3  4  5  6  7 |
---------------+----------------------+-----
Fighting       | 3 4 5 |  5.9
Armour         | 1 2 4 |  4.4
Axes           | 4 5 6 |  6.1
Dodging        | 4 5 |  5.5
Throwing       | |  2.0

Action                   |  1- 3 |  4- 6 |  7- 9 || total
-------------------------+-------+-------+-------++-------
Melee: War axe           |    73 |    89 |    36 ||   198
  Use: Potion            |       |       |     8 ||     8
  Eat: Chunk             |     1 |     4 |       ||     5
       Beef jerky        |       |     2 |       ||     2
       Royal jelly       |       |     1 |       ||     1
